 Dungeon Crawl Stone Soup version 0.17-a0-1468-gbf503c2 (console) character file.

1006 dunyain the Cleaver (level 8, 49/56 HPs)
             Began as a Demonspawn Gladiator on July 1, 2015.
             Quit the game on level 5 of the Dungeon.
             The game lasted 00:09:26 (5264 turns).

dunyain the Cleaver (Demonspawn Gladiator)          Turns: 5264, Time: 00:09:27

Health: 49/56      AC: 10    Str: 21    XL:     8   Next: 0%
Magic:  8/8        EV: 13    Int: 12    God:
Gold:   353        SH:  0    Dex: 16    Spells: 0 memorised, 7 levels left

rFire  . . .     SeeInvis .     a - +0 war axe
rCold  + + .     Clarity  .     L - +0 leather armour {rN+}
rNeg   + . .     SustAt   .     (no shield)
rPois  .         Gourm    .     c - +0 helmet
rElec  .         Spirit   .     n - +0 cloak
rCorr  .         Warding  .     i - +0 pair of gloves
rMut   .         Stasis   .     (no boots)
MR     .....                    j - amulet of faith
Stlth  +.........               C - +6 ring of strength
                                (no ring)

@: not resistant to hostile enchantments, very unstealthy
A: hooves 1, iridescent scales 1, clever 1, cold resistance 2, powered by pain
1, wild magic 1
a: no special abilities


You were on level 5 of the Dungeon.
You were near starving.

You visited 1 branch of the dungeon, and saw 5 of its levels.
You also visited: Sewer.

You collected 353 gold pieces.

Inventory:

Hand weapons
 a - a +0 war axe (weapon)
Missiles
 d - 3 throwing nets (quivered)
Armour
 b - a +0 leather armour
 c - a +0 helmet (worn)
 i - a +0 pair of gloves (worn)
 n - a +0 cloak (worn)
 L - a +0 leather armour of positive energy (worn)
Jewellery
 j - an amulet of faith (around neck)
 l - an uncursed amulet of resist mutation {unknown}
 B - an uncursed ring of teleportation
 C - a +6 ring of strength (right hand)
Scrolls
 g - 3 scrolls of remove curse
 h - 7 scrolls of identify
 m - 2 scrolls of noise
 x - 5 scrolls of teleportation
 D - a scroll of random uselessness {unknown}
 E - a scroll of enchant armour {unknown}
 G - 2 scrolls of amnesia
 I - 2 scrolls of fear {unknown}
Potions
 z - 4 potions of flight
 A - a potion of invisibility
 J - a potion of beneficial mutation {unknown}
 K - a potion of berserk rage {unknown}
Comestibles
 e - 4 bread rations
 f - 4 meat rations
 s - 3 beef jerkies
 H - a royal jelly


   Skills:
 - Level 2.0 Fighting
 + Level 9.0 Axes
 - Level 1.7 Throwing
 - Level 2.6 Dodging


You had 7 spell levels left.
You didn't know any spells.

Dungeon Overview and Level Annotations

Branches:
Dungeon (5/15)
 Temple: D:4-7

Altars:
Dithmenos
Gozag
Makhleb
Ru

Shops:
D:5 ?

Annotations:
D:3 Sigmund


Innate Abilities, Weirdness & Mutations

You have large cloven feet.
You are partially covered in iridescent scales (AC +4).
Your flesh is very cold resistant.
You sometimes gain a little power by taking damage.
Your mind is acute. (Int +2)
Your spells are a little harder to cast, but a little more powerful.


Message History

You kick the sky beast, but do no damage.
The sky beast is severely wounded.
The sky beast hits you but does no damage.
You hit the sky beast.
The sky beast is severely wounded.
The sky beast hits you but does no damage.
You miss the sky beast.
You kick the sky beast, but do no damage.
The sky beast is severely wounded.
The sky beast barely misses you.
You hit the sky beast but do no damage. Your kick misses the sky beast.
The sky beast is severely wounded.
The sky beast hits you. The sky beast shocks you.
You slash the sky beast!
You kill the sky beast!
Your Axes skill increases to level 9!
You have reached level 8!
You feel agile.
Your demonic ancestry asserts itself...
You feel energised by your suffering.
Are you sure you want to abandon this character and quit the game? (Confirm with "yes".)

..............#.#
#############.#.###
..................#
#############.#.#.#
...#............#.#
##.#.#######.####.#########
##.#.#.....#..............#
##.#....##.#..###.######.##
....<...........@.# #.#
.....#..##.#..##..# #.#
.....#..##.#..##..# #.#
##.#.#..##.#......# #.#
[..#.#..##.#.####.# #.#
##.#(#..##.#.# #.# #.#
#.#.#..##.#.####.# #.#
#.#.......#......# #.#
#.##........###########.#


There were no monsters in sight!

Vanquished Creatures
  A sky beast (D:5)
  3 ice beasts (D:5)
  A centaur (D:5)
  A vampire bat (D:4)
  A crimson imp (D:5)
  2 orc wizards (D:3)
  A centaur zombie (D:5)
  A hound (D:5)
  2 human skeletons (D:4)
  A worker ant (D:4)
  A worker ant zombie (D:3)
  Robin (D:3)
  11 adders
  A shadow imp (D:5)
  4 worms
  5 giant geckos
  11 orcs
  22 bats
  A bat skeleton (D:4)
  5 giant cockroaches
  17 goblins
  6 hobgoblins
  15 kobolds
  3 quokkas
  A ball python (D:3)
  A giant cockroach zombie (D:5)
  6 giant newts
  10 jackals
  A jackal skeleton (D:5)
  An orc skeleton (D:4)
  3 orc zombies (D:4)
  9 rats
149 creatures vanquished.

Notes
Turn   | Place    | Note
--------------------------------------------------------------
     0 | D:1      | dunyain the Demonspawn Gladiator began the quest for the Orb.
     0 | D:1      | Reached XP level 1. HP: 16/16 MP: 1/1
    59 | D:1      | Reached skill level 3 in Axes
   102 | D:1      | Gained mutation: Your flesh is cold resistant. [demonic ancestry]
   102 | D:1      | Reached XP level 2. HP: 19/22 MP: 2/2
   733 | D:2      | Reached XP level 3. HP: 27/27 MP: 3/3
   735 | D:2      | Found a sacrificial altar of Ru.
  1174 | D:2      | Reached skill level 4 in Axes
  1539 | D:2      | Gained mutation: You have large cloven feet. [demonic ancestry]
  1539 | D:2      | Reached XP level 4. HP: 33/33 MP: 4/4
  1553 | D:2      | Found an opulent altar of Gozag.
  1869 | D:3      | Noticed Robin
  1887 | D:3      | Reached skill level 5 in Axes
  1896 | D:3      | Killed Robin
  1994 | D:3      | Gained mutation: Your spells are a little harder to cast, but a little more powerful. [potion of mutation]
  1994 | D:3      | Gained mutation: Your mind is acute. (Int +2) [potion of mutation]
  1994 | D:3      | Gained mutation: Your flesh is very cold resistant. [potion of mutation]
  2006 | D:3      | Gained mutation: You are partially covered in iridescent scales (AC +4). [demonic ancestry]
  2006 | D:3      | Reached XP level 5. HP: 5/38 MP: 5/5
  2625 | D:3      | Noticed Sigmund
  2658 | D:4      | Reached skill level 6 in Axes
  2693 | D:4      | Found a burning altar of Makhleb.
  2722 | D:4      | Reached XP level 6. HP: 44/44 MP: 6/6
  2730 | D:4      | Found a glowing drain.
  2769 | Sewer    | Entered a sewer
  4139 | D:5      | Entered Level 5 of the Dungeon
  4174 | D:5      | Reached skill level 7 in Axes
  4174 | D:5      | Reached XP level 7. HP: 39/50 MP: 7/7
  4198 | D:5      | Found a shadowy altar of Dithmenos.
  4202 | D:5      | Found Zadais's Magic Scroll Boutique.
  4463 | D:5      | Reached skill level 8 in Axes
  5263 | D:5      | Reached skill level 9 in Axes
  5263 | D:5      | Gained mutation: You sometimes gain a little power by taking damage. [demonic ancestry]
  5263 | D:5      | Reached XP level 8. HP: 49/56 MP: 8/8
  5264 | D:5      | Quit the game

Vault maps used:
D:1:      dpeg_arrival_short_road, feat_on_display
D:2:      old_standard_altar, nicolae_gozag_cash_rules_everything_around_me
D:3:      lemuel_coloured_pillars_altar, first_bread, uniq_robin, uniq_sigmund
D:4:      kennysheep_mini, nicolae_ossuary_entry_catacombs, serial_curves,
          eino_curves_03, eino_curves_04, gup_sewer_entry_glass, roderic_batcave
D:5:      serial_shops, shop, nicolae_dithmenos_through_a_glass_darkly
Sewer:    sewer_fruit_machine

Action                   |  1- 3 |  4- 6 |  7- 9 || total
-------------------------+-------+-------+-------++-------
Melee: War axe           |   116 |   307 |    84 ||   507
  Use: Potion            |       |     6 |       ||     6
       Scroll            |       |     7 |       ||     7
 Stab: Sleeping          |     2 |       |       ||     2
  Eat: Chunk             |     2 |     9 |     2 ||    13
